 Dungeon Crawl Stone Soup version 0.30-a0-305-g026cb31310 (webtiles) character file.

Game seed: 945110669961640300

4680 Lanoc the Geomancer (level 10, -5/63 HPs)
             Began as a Formicid Earth Elementalist on Oct 21, 2022.
             Was an Elder of Elyvilon.
             Slain by an orc warrior
             ... wielding a +0 war axe
              (16 damage)
             ... in a bailey.
             The game lasted 00:19:37 (8444 turns).

Lanoc the Geomancer (Formicid Earth Elementalist)   Turns: 8444, Time: 00:19:38

Health: -5/63      AC:  3    Str: 13    XL:     10   Next: 72%
Magic:  5/13       EV: 15    Int: 25    God:    Elyvilon [****..]
Gold:   499        SH: 11    Dex: 14    Spells: 7/14 levels left

rFire   + . .      SeeInvis +    d - +5 spear of Vemocrek {freeze, rF+ Will+}
rCold   . . .      Faith    .    A - +1 buckler
rNeg    . . .      Spirit   .    a - +0 robe
rPois   .          Reflect  +    (helmet unavailable)
rElec   .          Harm     .    h - +0 cloak
rCorr   .          Rampage  .    (no gloves)
Will    ++...                    (no boots)
Stlth   ++........               r - amulet of reflection
HPRegen 0.30/turn                n - +6 ring of intelligence
MPRegen 0.13/turn                (no ring)

@: no status effects
A: permanent stasis, dig shafts and tunnels, antennae 3, four strong arms
a: Dig, Renounce Religion, Purification, Heal Other, Heal Self


You were in a bailey.
You worshipped Elyvilon.
Elyvilon was greatly pleased with you.
You visited 1 branch of the dungeon, and saw 7 of its levels.
You also visited: Sewer and Bailey.

You collected 499 gold pieces.

Inventory:

Hand Weapons
 d - the +5 spear of Vemocrek (weapon) {freeze, rF+ Will+}
   (You found it on level 4 of the Dungeon)

   It freezes those it strikes, dealing additional cold damage.
   It can also slow down cold-blooded creatures.
   rF:        It protects you from fire.
   Will:      It increases your willpower.
 C - the +6 trident of the Land of Plenty {antimagic, rF+}
   (You found it on level 6 of the Dungeon)

   It reduces the magical energy of the wielder, and disrupts the spells and
   magical abilities of those it strikes.
   Natural abilities and divine invocations are not affected.
   rF:        It protects you from fire.
Armour
 a - a +0 robe (worn)
 h - a +0 cloak (worn)
 k - a scarf of repulsion
 A - a +1 buckler (worn)
Jewellery
 n - a +6 ring of intelligence (left hand)
 r - an amulet of reflection (around neck)
Wands
 m - a wand of paralysis (22)
 s - a wand of flame (19)
 y - a wand of digging (7)
 D - a wand of roots (10)
Scrolls
 g - 3 scrolls of fear
 i - 2 scrolls of enchant armour
 l - a scroll of poison
 p - 3 scrolls of silence {unknown}
 q - a scroll of enchant weapon
 t - a scroll of fog
 u - a scroll of summoning
 w - a scroll of immolation
Potions
 b - 2 potions of magic
 c - 4 potions of heal wounds
 e - 5 potions of haste
 j - 3 potions of flight
 o - a potion of degeneration
 v - 2 potions of might
 x - 3 potions of curing
Miscellaneous
 f - a box of beasts


   Skills:
 + Level 7.8 Dodging
 - Level 3.1 Stealth
 + Level 5.0 Shields
 - Level 2.6 Spellcasting
 - Level 2.0 Transmutations
 * Level 14.0 Earth Magic


You had 7 spell levels left.
You knew the following spells:

 Your Spells              Type           Power      Damage    Failure   Level
a - Sandblast             Erth           100%       2d20      1%          1
b - Passwall              Tmut/Erth      35%        N/A       1%          2
c - Petrify               Tmut/Erth      43%        N/A       4%          4

Your spell library contained the following spells:

 Spells                   Type           Power      Damage    Failure   Level
 Stone Arrow              Conj/Erth      76%        3d11      1%          3
 Freeze                   Ice            12%        1d3       13%         1
 Shock                    Conj/Air       12%        1d3       13%         1
 Borgnjor's Vile Clutch   Necr/Erth      19%        N/A       19%         5
 Ignite Poison            Fire/Tmut/Pois 6%         N/A       28%         3
 Frozen Ramparts          Ice            6%         1d1       36%         3
 Gell's Gravitas          Tloc           3%         N/A       36%         3
 Hailstorm                Conj/Ice       3%         3d3       36%         3
 Kindle Blastsparks       Fire/Tloc/Air  6%         2d10      36%         3
 Lesser Beckoning         Tloc           6%         N/A       36%         3
 Teleport Other           Tloc           3%         N/A       36%         3
 Tukima's Dance           Hex            3%         N/A       36%         3
 Airstrike                Air            1%         2d(1-17)  77%         4
 Freezing Cloud           Conj/Ice/Air   1%         6-21      98%         5
 Swiftness                Air            Unusable   N/A       N/A         3

Dungeon Overview and Level Annotations

Branches:
Dungeon (7/15)              Sewer (visited)          Bailey (1/1)
 Temple: D:4-7

Altars:
Ashenzari
Cheibriados
Elyvilon
Hepliaklqana
Trog
Vehumet
Xom

Annotations:
D:4 2 runed translucent doors


Innate Abilities, Weirdness & Mutations

You cannot be hasted, slowed, berserked, paralysed or teleported.
You can dig through walls and to a lower floor.
You have a pair of large antennae on your head. (SInv)
Your four strong arms can wield two-handed weapons with a shield.


Message History

Aiming: Sandblast (safe; 1% risk of failure)
Press: ? - help, Shift-Dir - straight line, f - orc warrior
Aim: an orc warrior, wielding a +0 war axe and wearing a +0 plate armour (85% to hit)
The blast of sand misses the orc warrior.
The orc warrior hits you with a +0 war axe!
The orc warrior closely misses you.
Casting: Sandblast (safe; 1% risk of failure)
Confirm with . or Enter, or press ? or * to list all spells.
Aiming: Sandblast (safe; 1% risk of failure)
Press: ? - help, Shift-Dir - straight line, f/p - orc warrior
Aim: an orc warrior, wielding a +0 war axe and wearing a +0 plate armour (85% to hit)
The blast of sand hits the orc warrior but does no damage.
The orc warrior closely misses you.
Casting: Sandblast (safe; 1% risk of failure)
Confirm with . or Enter, or press ? or * to list all spells.
Aiming: Sandblast (safe; 1% risk of failure)
Press: ? - help, Shift-Dir - straight line, f/p - orc warrior
Aim: an orc warrior, wielding a +0 war axe and wearing a +0 plate armour (85% to hit)
The blast of sand hits the orc warrior.
The orc warrior is lightly wounded.
The orc warrior misses you.
The orc warrior hits you with a +0 war axe!!
* * * LOW HITPOINT WARNING * * *
Casting: Sandblast (safe; 1% risk of failure)
Confirm with . or Enter, or press ? or * to list all spells.
Aiming: Sandblast (safe; 1% risk of failure)
Press: ? - help, Shift-Dir - straight line, f/p - orc warrior
Aim: an orc warrior, wielding a +0 war axe and wearing a +0 plate armour (lightly wounded, 85% to hit)
The blast of sand misses the orc warrior.
The orc warrior hits you with a +0 war axe!
Elyvilon protects you from harm!
Casting: Sandblast (safe; 1% risk of failure)
Confirm with . or Enter, or press ? or * to list all spells.
Aiming: Sandblast (safe; 1% risk of failure)
Press: ? - help, Shift-Dir - straight line, f/p - orc warrior
Aim: an orc warrior, wielding a +0 war axe and wearing a +0 plate armour (lightly wounded, 85% to hit)
The blast of sand hits the orc warrior!!
The orc warrior is almost dead.
The orc warrior hits you with a +0 war axe!
You die...

~~.......~~.
~~.......~~##
.~~.......~~.
##~~.......~~###
..~~.......~~..
##~~.......~~###.
..~~....o).~~....
##~~.....@.~~###.
..~~.......~~....
#~~.......~~####
##~...)(..~##
####((.#### #.(.#
#.(.# #..(#
##'''##


You could see an orc warrior.

Vanquished Creatures
  A two-headed ogre (D:6)
  Joseph (D:7)
  A hornet (D:4)
  Grinder (D:4)
  Sigmund (D:3)
  A wyvern (D:4)
  Edmund (D:4)
  A water moccasin (D:5)
  Duvessa (D:7)
  2 ice beasts
  An ogre (D:5)
  A centaur (D:5)
  The ghost of Verendum the Cudgeller, an amateur OpFi (D:5)
  2 phantoms
  2 kobold brigands (Bailey)
  5 necrophages
  2 bullfrogs (Sewer)
  2 scorpions
  Dowan (D:7)
  9 killer bees
  A howler monkey (D:6)
  2 gnoll boudas
  3 jellies
  3 orc priests
  Crazy Yiuf (D:6)
  2 hounds (D:5)
  6 iguanas
  3 orc wizards
  10 gnolls
  12 adders
  4 river rats (Sewer)
  A shadow imp (D:7)
  2 white imps
  2 worms
  4 dart slugs
  33 orcs
  16 ball pythons
  9 endoplasms
  6 giant cockroaches
  9 goblins
  9 hobgoblins
  16 kobolds
  7 quokkas
  6 bats
  7 frilled lizards
  27 rats
238 creatures vanquished.

Vanquished Creatures (others)
  A kobold brigand (Bailey)
  An orc wizard (D:7)
  2 withered plants (D:5)
4 creatures vanquished.

Grand Total: 242 creatures vanquished

Notes
Turn   | Place    | Note
-------+----------+-------------------------------------------
     0 | D:1      | Lanoc the Formicid Earth Elementalist began the quest for
                  | the Orb.
     0 | D:1      | Reached XP level 1. HP: 13/13 MP: 3/3
   295 | D:1      | Reached XP level 2. HP: 19/19 MP: 3/5
   716 | D:1      | Reached XP level 3. HP: 24/24 MP: 4/6
  1137 | D:2      | Reached skill level 4 in Earth Magic
  1579 | D:2      | Reached XP level 4. HP: 30/30 MP: 5/7
  1744 | D:2      | Found a faded altar of an unknown god.
  1755 | D:2      | Prayed at the altar of an unknown god.
  1755 | D:2      | Became a worshipper of Elyvilon the Healer
  1755 | D:2      | Reached * piety under Elyvilon
  2278 | D:3      | Reached ** piety under Elyvilon
  2303 | D:3      | Noticed Sigmund
  2313 | D:3      | Killed Sigmund
  2314 | D:3      | Reached skill level 5 in Earth Magic
  2314 | D:3      | Reached XP level 5. HP: 29/35 MP: 4/8
  2314 | D:3      | Reached XP level 6. HP: 34/41 MP: 4/9
  2447 | D:3      | Reached skill level 6 in Earth Magic
  2510 | D:3      | Learned a level 2 spell: Passwall
  3333 | D:4      | Reached XP level 7. HP: 34/46 MP: 3/10
  3396 | D:4      | Reached skill level 7 in Earth Magic
  3689 | D:4      | Found a snail-covered altar of Cheibriados.
  3696 | D:4      | Found a radiant altar of Vehumet.
  3743 | D:4      | Noticed Edmund
  3751 | D:4      | Killed Edmund
  3860 | D:4      | Found a hazy altar of Hepliaklqana.
  3861 | D:4      | Found a shimmering altar of Xom.
  3862 | D:4      | Noticed a spectral ugly thing
  3975 | D:4      | Found a large runed translucent door.
  3976 | D:4      | Found a large runed translucent door.
  3978 | D:4      | Noticed a hornet
  3978 | D:4      | Noticed a wyvern
  3979 | D:4      | Found a large runed translucent door.
  3979 | D:4      | Found a large runed translucent door.
  4012 | D:4      | Reached skill level 8 in Earth Magic
  4086 | D:4      | Reached *** piety under Elyvilon
  4107 | D:4      | Got the Folio of Bewitching Death
  4139 | D:4      | Found a white marble altar of Elyvilon.
  4145 | D:4      | Learned a level 4 spell: Petrify
  4150 | D:4      | Reached XP level 8. HP: 52/52 MP: 9/11
  4271 | D:4      | Noticed Grinder
  4280 | D:4      | Killed Grinder
  4281 | D:4      | Reached skill level 9 in Earth Magic
  5012 | D:4      | Killed a wyvern
  5013 | D:4      | Reached skill level 5 in Dodging
  5014 | D:4      | Killed a hornet
  5015 | D:4      | Reached skill level 10 in Earth Magic
  5045 | D:4      | Identified the +5 spear of Vemocrek {freeze, rF+ Will+}
  5085 | D:5      | Entered Level 5 of the Dungeon
  5126 | D:5      | Reached XP level 9. HP: 48/57 MP: 8/12
  5167 | D:5      | Noticed Verendum's ghost (amateur OpFi)
  5168 | D:5      | Found a runed translucent door.
  5211 | D:5      | Found a glowing drain.
  5228 | Sewer    | Entered a sewer
  5577 | Sewer    | Reached skill level 11 in Earth Magic
  5993 | D:5      | Found a bloodstained altar of Trog.
  6091 | D:5      | Reached **** piety under Elyvilon
  6367 | D:5      | Reached skill level 12 in Earth Magic
  6872 | D:5      | Killed Verendum's ghost
  7218 | D:6      | Reached skill level 1 in Shields
  7236 | D:6      | Found a broken altar of Ashenzari.
  7324 | D:6      | Reached XP level 10. HP: 63/63 MP: 9/13
  7428 | D:6      | Noticed a two-headed ogre
  7433 | D:6      | Killed a two-headed ogre
  7434 | D:6      | Reached skill level 13 in Earth Magic
  7651 | D:6      | Identified the +6 trident of the Land of Plenty {antimagic,
                  | rF+}
  7724 | D:6      | Found a runed translucent door.
  7808 | D:6      | Noticed Crazy Yiuf
  7920 | D:6      | Killed Crazy Yiuf
  8074 | D:7      | Noticed Joseph
  8085 | D:7      | Killed Joseph
  8106 | D:7      | Reached ***** piety under Elyvilon
  8150 | D:7      | Noticed Duvessa
  8157 | D:7      | Noticed Dowan
  8160 | D:7      | Killed Duvessa
  8161 | D:7      | Killed Dowan
  8262 | D:7      | Found a flagged portal.
  8312 | Bailey   | Entered a bailey
  8336 | Bailey   | Reached skill level 14 in Earth Magic
  8341 | Bailey   | Reached skill level 5 in Shields
  8443 | Bailey   | Elyvilon protects you from harm!
  8444 | Bailey   | Slain by an orc warrior

Illustrated notes

Levels and vault maps discovered:
D:1:      lemuel_arrival_tunnels, layout_basic, item_on_display_a
D:2:      minmay_angry_zag, layout_loops_cross, basic_ecumenical_altar,
          minmay_misc_feat_more_columns
D:3:      layout_basic, uniq_sigmund
D:4:      layout_basic, regret_index_temple_of_mockery,
          amethyst_overflow_temple_binary, mainiacjoe_overflow_brackets,
          minmay_hollow_rounded_squares, uniq_edmund, uniq_grinder
D:5:      layout_loops_corners, mainiacjoe_overflow_24_doors,
          portal_sewer_entry_f, gammafunk_ghost_grave,
          kennysheep_generic_room_15
D:6:      layout_basic, ashenzari_altar_1, uniq_crazy_yiuf_cottage
D:7:      layout_rooms, minmay_temple_entry_poolview, enter_bailey_8,
          uniq_joseph, uniq_duvessa
Bailey:   bailey_axe_3, bailey

Skill      XL: |  1  2  3  4  5  6  7  8  9 10 |
---------------+-------------------------------+-----
Dodging        | 2 3 4 5 6 7 |  7.8
Earth Magic    | 4 5 6 8 10 12 14 | 14.0
Stealth        | 3 |  3.1
Transmutations | 2 |  2.0
Shields        | 1 5 |  5.0
Spellcasting   | |  2.6

Action                   |  1- 3 |  4- 6 |  7- 9 | 10-12 || total
-------------------------+-------+-------+-------+-------++-------
Melee: Unarmed           |    14 |     3 |       |       ||    17
       Halberd           |       |    11 |     3 |       ||    14
       Spear             |       |       |     9 |     2 ||    11
 Cast: Sandblast         |    56 |    44 |   164 |    81 ||   345
Invok: Heal Self         |       |       |       |     1 ||     1
 Abil: Dig               |       |       |     1 |     3 ||     4
  Use: Scroll            |       |       |    16 |     2 ||    18
       Potion            |       |       |     4 |     3 ||     7
 Stab: Distracted        |       |       |     1 |       ||     1
Armor: Robe              |    14 |    11 |     8 |     4 ||    37
Dodge: Dodged            |    27 |    23 |    49 |    24 ||   123
Block: Other             |       |       |    15 |       ||    15
       Buckler           |       |       |       |    34 ||    34
       Reflection        |       |       |       |    12 ||    12

Table legend: (Time is in decaauts)
 A = Elapsed time spent in this place.
 B = Non-inter-level travel time spent in this place.
 C = Inter-level travel time spent in this place.
 D = Time resting spent in this place.
 E = Time spent auto-exploring this place.
 F = Levels seen in this place.
 G = Mean time per level.
                   A        B        C        D        E       F      G
               +--------+--------+--------+--------+--------+-----+--------+
         Total |   8666 |   8406 |    260 |    168 |   6667 |   9 |  962.9 |
       Dungeon |   7815 |   7555 |    260 |     99 |   6170 |   7 | 1116.4 |
         Sewer |    708 |    708 |      0 |      0 |    486 |   1 |  708.0 |
        Bailey |    143 |    143 |      0 |     69 |     10 |   1 |  143.0 |
               +--------+--------+--------+--------+--------+-----+--------+

Top non-repeatable levels by time:
     D:4: 1900 daAuts
     D:5: 1220 daAuts
     D:3: 1147 daAuts
     D:6: 1120 daAuts
     D:1: 1115 daAuts
     D:2: 1003 daAuts
   Sewer: 708 daAuts
     D:7: 308 daAuts
  Bailey: 143 daAuts
